 Dungeon Crawl Stone Soup version 0.21-a0-529-g8c7b3f5 (webtiles) character file.

305 KristoblXynda the Slasher (level 6, 0/46 HPs)
             Began as a Barachi Skald on Dec 9, 2017.
             Slain by a gnoll
             ... wielding a +0 spear
              (7 damage)
             ... on level 4 of the Dungeon.
             The game lasted 00:08:43 (3539 turns).

KristoblXynda the Slasher (Barachi Skald)           Turns: 3539, Time: 00:08:44

Health: 0/46       AC:  5    Str: 14    XL:     6   Next: 39%
Magic:  9/9        EV: 12    Int: 14    God:
Gold:   91         SH:  0    Dex: 11    Spells: 3/9 levels left

rFire    . . .     SeeInvis .   a - +1 falchion
rCold    . . .     Gourm    .   (no shield)
rNeg     . . .     Faith    .   b - +0 leather armour
rPois    .         Spirit   .   f - +0 helmet
rElec    .         Reflect  .   (no cloak)
rCorr    .         Harm     .   g - +0 pair of gloves
MR       .....                  (no boots)
Stlth    +.........             (no amulet)
HPRegen  0.15/turn              (no ring)
MPRegen  0.11/turn              (no ring)

@: can't hop, slow
A: +LOS, swims, slowness 1, strong legs 1
a: Hop


You were on level 4 of the Dungeon.
You were not hungry.

You visited 1 branch of the dungeon, and saw 4 of its levels.

You collected 91 gold pieces.

Inventory:

Hand Weapons
 a - a +1 falchion (weapon)
Missiles
 e - a throwing net (quivered)
Armour
 b - a +0 leather armour (worn)
 f - a +0 helmet (worn)
 g - a +0 pair of gloves (worn)
Scrolls
 j - a scroll of remove curse
Potions
 o - a potion of agility
Books
 c - a book of Battle

   Spells                             Type                      Level
   a - Infusion                       Charms                       1
   b - Shroud of Golubria             Charms/Translocation         2
   c - Song of Slaying                Charms                       2
   d - Spectral Weapon                Hexes/Charms                 3
   e - Regeneration                   Charms/Necromancy            3
Comestibles
 d - 3 bread rations
 h - 2 meat rations


   Skills:
 - Level 2.4 Fighting
 * Level 5.8 Long Blades
 + Level 3.7 Armour
 - Level 2.1 Dodging
 - Level 2.1 Spellcasting
 + Level 4.7 Charms


You had 3 spell levels left.
You knew the following spells:

 Your Spells              Type           Power        Failure   Level  Hunger
a - Infusion              Chrm           ##..         4%          1    #......
b - Regeneration          Chrm/Necr      #.........   32%         3    ###....
c - Shroud of Golubria    Chrm/Tloc      #.........   16%         2    ###....


Dungeon Overview and Level Annotations

Branches:
Dungeon (4/15)
 Temple: D:4-7

Altars:
The Shining One

Annotations:
D:4 p0werm0de's ghost, amateur DsFE


Innate Abilities, Weirdness & Mutations

Shadows flee at your approach. (+LOS)
You can swim through water.
You cover ground slowly.
You can hop short distances.


Message History

There are monsters nearby!
The gnoll hits you but does no damage. The gnoll hits you but does no damage.
You feel less wooden.
Your +0 helmet unmelds from your body.
Your +0 pair of gloves unmelds from your body.
Your +0 leather armour unmelds from your body.
The gnoll barely misses you.
Okay, then.
Hop to where?
Press: ? - help, Dir - move target cursor Boing!
The gnoll barely misses you.
The gnoll hits you from afar with a spear!
* * * LOW HITPOINT WARNING * * *
The leopard gecko hisses angrily.
You see here a frilled lizard corpse.
Okay, then.
The gnoll hits you from afar with a spear!
You die...

#
#.............
..
###.#.#.......
...##
#........## .
...#
#.##.###.# .$.
...#s##.# ...
.....#.#g##.#
###
.....l..g...#
...##..#.####
#..#@# ?.. #.#
#... ... #.#
##### ### #.
#.. # #
####.##.###.s
.....l.W..l..
# #.#


You could see a scorpion and 2 gnolls.

Vanquished Creatures
  A bullfrog (D:2)
  An orc wizard (D:3)
  A gnoll shaman (D:4)
  A worker ant (D:4)
  Robin (D:3)
  A gnoll (D:4)
  2 adders
  An ooze (D:1)
  4 worms (D:2)
  6 dart slugs
  5 leopard geckos
  4 orcs (D:3)
  5 bats
  5 giant cockroaches
  9 hobgoblins
  6 kobolds
  A quokka (D:3)
  A ball python (D:3)
  4 frilled lizards
  20 goblins
  6 rats
85 creatures vanquished.

Notes
Turn   | Place    | Note
-------+----------+-------------------------------------------
     0 | D:1      | KristoblXynda the Barachi Skald began the quest for the Orb.
     0 | D:1      | Reached XP level 1. HP: 17/17 MP: 3/3
   133 | D:1      | Reached skill level 3 in Long Blades
   133 | D:1      | Reached XP level 2. HP: 21/23 MP: 5/5
   596 | D:1      | Reached XP level 3. HP: 28/28 MP: 6/6
   999 | D:2      | Noticed a bullfrog
  1134 | D:2      | Learned a level 3 spell: Regeneration
  1157 | D:2      | Reached skill level 4 in Long Blades
  1174 | D:2      | Reached XP level 4. HP: 34/34 MP: 7/7
  1232 | D:2      | HP: 1/34 [worm (10)]
  1541 | D:2      | Killed a bullfrog
  1541 | D:2      | Reached XP level 5. HP: 18/39 MP: 8/8
  2092 | D:2      | Found a glowing golden altar of the Shining One.
  2346 | D:3      | Reached skill level 5 in Long Blades
  2828 | D:3      | Noticed Robin
  2877 | D:3      | Reached XP level 6. HP: 29/46 MP: 9/9
  2904 | D:3      | Killed Robin
  3378 | D:4      | Learned a level 2 spell: Shroud of Golubria
  3422 | D:4      | Noticed p0werm0de's ghost (amateur DsFE)
  3539 | D:4      | Slain by a gnoll

Vault maps used:
D:1:      erik_arrival_triangle_medium, st_stairs_1, hangedman_decor_points
D:2:      nicolae_tso_swordbearing_angel, minivault_27, minmay_quantized
D:3:      first_bread, uniq_robin
D:4:      nicolae_qazlal_eye_of_the_storm

Skill      XL: |  1  2  3  4  5 |
---------------+----------------+-----
Long Blades    | 3 4 5 |  5.8
Armour         | 2 3 |  3.7
Charms         | 4 |  4.7
Fighting       | |  2.4
Dodging        | |  2.1
Spellcasting   | |  2.1

Action                   |  1- 3 |  4- 6 || total
-------------------------+-------+-------++-------
Melee: Falchion          |   103 |   210 ||   313
 Cast: Regeneration      |       |     1 ||     1
       Shroud of Golubri |       |     1 ||     1
 Abil: Hop               |     1 |     5 ||     6
  Use: Scroll            |     1 |     6 ||     7
       Potion            |       |     9 ||     9
  Eat: Chunk             |     1 |     3 ||     4
       Meat ration       |       |     1 ||     1
       Royal jelly       |       |     1 ||     1
Armor: Leather armour    |    32 |    58 ||    90
       Skin              |       |    71 ||    71
Dodge: Dodged            |    77 |   162 ||   239
       Rpst.: Falchion   |    22 |    52 ||    74

Table legend:
 A = Spawn XP
 B = Non-spawn XP
 C = Spawn XP percentage of total XP
 D = Spawn monster count
 E = Non-spawn monster count
 F = Spawn count percentage of total count
 G = Total turns spent on level
                    A         B        C        D         E        F      G
               +---------+---------+-------+---------+---------+-------+---------
         Total |       0 |     436 |   0.0 |       0 |      85 |   0.0 |  3539
               +---------+---------+-------+---------+---------+-------+---------
           D:1 |       0 |      59 |   0.0 |       0 |      27 |   0.0 |  1176
           D:2 |       0 |     162 |   0.0 |       0 |      20 |   0.0 |  1159
           D:3 |       0 |     125 |   0.0 |       0 |      33 |   0.0 |  1029
           D:4 |       0 |      90 |   0.0 |       0 |       5 |   0.0 |   175
               +---------+---------+-------+---------+---------+-------+---------
